 Dungeon Crawl Stone Soup version 0.29-a0-529-gfa20dd96a1 (console) character file.

Game seed: 2338706878198421026

177 om the Digger (level 5, -1/28 HPs)
             Began as a Gargoyle Earth Elementalist on June 1, 2022.
             Was an Initiate of Vehumet.
             Slain by a gnoll
             ... wielding a +0 spear
              (5 damage)
             ... on level 5 of the Dungeon.
             The game lasted 00:07:17 (3729 turns).

om the Digger (Gargoyle Earth Elementalist)         Turns: 3729, Time: 00:07:18

Health: -1/28      AC:  8    Str: 14    XL:     5   Next: 57%
Magic:  5/9        EV: 12    Int: 17    God:    Vehumet [......]
Gold:   257        SH:  0    Dex: 16    Spells: 3/9 levels left

rFire   . . .      SeeInvis .   n - +1 mace {drain, +Blink Str+2}
rCold   + . .      Faith    .   (no shield)
rNeg    + . .      Spirit   .   l - +0 leather armour
rPois   ∞          Reflect  .   (no helmet)
rElec   +          Harm     .   (no cloak)
rCorr   .          Rampage  .   (no gloves)
Will    .....                   D - +0 pair of boots
Stlth   ++........              (no amulet)
HPRegen 0.09/turn               g - ring of protection from cold
MPRegen 0.11/turn               k - +6 ring of dexterity

@: no status effects
A: sickness immunity, AC +4, negative energy resistance 1, electricity
resistance, torment resistance 1, petrification resistance
a: Renounce Religion, Evoke Blink


You were on level 5 of the Dungeon.
You worshipped Vehumet.
Vehumet was noncommittal.
You visited 2 branches of the dungeon, and saw 6 of its levels.

You collected 257 gold pieces.

Inventory:

Hand Weapons
 f - a +1 short sword
 m - a +0 whip
 n - the +1 mace of the Beast (weapon) {drain, +Blink Str+2}
   (You found it on level 2 of the Dungeon)

   A truly terrible weapon, it drains the life of any living foe it strikes.
   Str:       It affects your strength (+2).
   +Blink:    It lets you blink.
 u - the +9 hunting sling of Doom {freeze, Will+}
   (You found it on level 3 of the Dungeon)

   Any ammunition fired from it freezes those it strikes, dealing additional
   cold damage.
   It can also slow down cold-blooded creatures.
   Will:      It increases your willpower.
Missiles
 a - 63 stones
Armour
 b - a +0 robe
 l - a +0 leather armour (worn)
 D - a +0 pair of boots (worn)
Jewellery
 g - a ring of protection from cold (left hand)
 k - a +6 ring of dexterity (right hand)
 x - a ring of protection from cold
Wands
 q - a wand of iceblast (12)
 z - a wand of paralysis (6)
Scrolls
 o - a scroll of brand weapon
 p - 3 scrolls of teleportation
 r - 2 scrolls of noise
 s - 2 scrolls of fear {unknown}
 v - a scroll of silence {unknown}
 y - a scroll of blinking
 A - a scroll of fog {unknown}
 B - a scroll of vulnerability {unknown}
 C - a scroll of amnesia {unknown}
Potions
 c - a potion of magic
 d - a potion of brilliance {unknown}
 e - a potion of might {unknown}
 h - 3 potions of heal wounds
 i - 3 potions of curing
 j - a potion of haste {unknown}
 t - 2 potions of resistance {unknown}
 w - 2 potions of ambrosia {unknown}


   Skills:
 + Level 1.0 Armour
 + Level 2.2 Dodging
 - Level 3.0 Stealth
 * Level 2.8 Spellcasting
 * Level 2.1 Transmutations
 * Level 4.7 Earth Magic


You had 3 spell levels left.
You knew the following spells:

 Your Spells              Type           Power      Damage    Failure   Level
a - Sandblast             Erth           36%        2d10      3%          1
b - Passwall              Tmut/Erth      11%        N/A       8%          2
c - Stone Arrow           Conj/Erth      20%        3d8       24%         3

Your spell library contained the following spells:

 Spells                   Type           Power      Damage    Failure   Level
 Petrify                  Tmut/Erth      14%        N/A       45%         4


Dungeon Overview and Level Annotations

Branches:
Dungeon (5/15)             Temple (1/1) D:5

Altars:
Ashenzari
Cheibriados
Dithmenos
Elyvilon
Fedhas
Gozag
Hepliaklqana
Kikubaaqudgha
Nemelex Xobeh
Okawaru
Qazlal
Ru
Trog
Uskayaw
Vehumet
Yredelemnul
Zin
The Shining One


Innate Abilities, Weirdness & Mutations

You are immune to sickness and miasma.
Your stone body is resilient. (AC +4)
You are immune to poison.
You resist negative energy. (rN+)
You are resistant to electric shocks. (rElec)
You are resistant to unholy torment.
You are immune to petrification.


Message History

Press: ? - help, Q - select action, (/) - cycle Shift-Dir - straight line, f - you
Okay, then.
Aiming: Sandblast (safe; 3% risk of failure)
Press: ? - help, Q - select action, (/) - cycle Shift-Dir - straight line, f - gnoll
Aim: a gnoll, wielding a +0 spear (82% to hit)
The blast of sand hits the gnoll.
The gnoll is heavily wounded.
Aiming: Sandblast (safe; 3% risk of failure)
Press: ? - help, Q - select action, (/) - cycle Shift-Dir - straight line, f/p - gnoll
Aim: a gnoll, wielding a +0 spear (heavily wounded, 82% to hit)
The blast of sand misses the gnoll.
The gnoll shouts!
The gnoll hits you from afar with a +0 spear.
Aiming: Sandblast (safe; 3% risk of failure)
Press: ? - help, Q - select action, (/) - cycle Shift-Dir - straight line, f/p - gnoll
Aim: a gnoll, wielding a +0 spear (heavily wounded, 82% to hit)
The blast of sand hits the gnoll.
The gnoll is heavily wounded.
The gnoll closely misses you. The gnoll attacks as you move away!
The gnoll hits you with a +0 flail.
Aiming: Sandblast (safe; 3% risk of failure)
Press: ? - help, Q - select action, (/) - cycle Shift-Dir - straight line, f/p - gnoll
Aim: a gnoll, wielding a +0 spear (heavily wounded, 82% to hit)
Okay, then.
The gnoll hits you with a +0 flail! The gnoll hits you but does no damage.
Casting: Sandblast (safe; 3% risk of failure)
Confirm with . or Enter, or press ? or * to list all spells.
Aiming: Passwall (safe; 8% risk of failure)
Press: ? - help, Dir - move target, p - gnoll A rock wall.
The gnoll hits you but does no damage.
You begin to meditate on the wall.
You continue meditating on the rock.
The gnoll closely misses you.
The gnoll hits you from afar with a +0 spear!
* * * LOW HITPOINT WARNING * * *
You continue meditating on the rock.
The gnoll hits you from afar with a +0 spear.
* * * LOW HITPOINT WARNING * * *
The gnoll hits you from afar with a +0 spear.
You die...

............).#...........
.............).........###
##..............#..####
.#.###..†..)........#
........#..#.......##
.....#...#####......# ...#
#...## #......#
.....##...# .>.....#
#<....### ###....## .
#####.#######.#..# ..
#...#g@## ### ...###
###.g...# ......####.g..##
#...g.....### ##.......##
....##.#.### . #...##
..... #..... ######


You could see 3 gnolls.

Vanquished Creatures
  A scorpion (D:5)
  An iguana (D:5)
  4 adders
  2 ufetubi
  2 dart slugs
  3 orcs (D:5)
  4 ball pythons
  3 endoplasms
  3 giant cockroaches
  3 goblins
  4 hobgoblins
  2 quokkas (D:1)
  2 frilled lizards
  6 kobolds
  2 rats (D:2)
42 creatures vanquished.

Notes
Turn   | Place    | Note
-------+----------+-------------------------------------------
     0 | D:1      | om the Gargoyle Earth Elementalist began the quest for the
                  | Orb.
     0 | D:1      | Reached XP level 1. HP: 10/10 MP: 3/3
   216 | D:1      | Reached skill level 1 in Transmutations
   570 | D:1      | Reached XP level 2. HP: 15/15 MP: 3/5
   573 | D:1      | Learned a level 2 spell: Passwall
  1221 | D:2      | Found a faded altar of an unknown god.
  1243 | D:2      | Identified the +1 mace of the Beast {drain, +Blink Str+2}
  1437 | D:2      | Reached skill level 4 in Earth Magic
  1437 | D:2      | Reached XP level 3. HP: 19/19 MP: 3/6
  1781 | D:3      | Identified the +9 hunting sling of Doom {freeze, Will+}
  1939 | D:3      | Found a broken altar of Ashenzari.
  2414 | D:4      | Learned a level 3 spell: Stone Arrow
  2881 | D:4      | Identified the +3 leather armour "Wubauchu" {Will+ Str-4
                  | Int+6}
  3000 | D:4      | Reached XP level 4. HP: 24/24 MP: 7/7
  3122 | D:4      | Found a hide-covered altar of Uskayaw.
  3122 | D:4      | Found an iron altar of Okawaru.
  3265 | D:5      | Entered Level 5 of the Dungeon
  3265 | D:5      | Noticed a scorpion
  3279 | D:5      | Noticed an ogre
  3351 | D:5      | Found a staircase to the Ecumenical Temple.
  3360 | Temple   | Entered the Ecumenical Temple
  3513 | Temple   | Became a worshipper of Vehumet
  3597 | D:5      | Noticed a scorpion
  3630 | D:5      | Killed a scorpion
  3631 | D:5      | Reached XP level 5. HP: 27/28 MP: 4/9
  3661 | D:5      | Reached skill level 1 in Armour
  3729 | D:5      | Slain by a gnoll

Illustrated notes

Levels and vault maps discovered:
D:1:      dpeg_arrival_rooms_a, layout_rooms
D:2:      layout_rooms, shapermc_ecumenical_altar_mp_urbaneastern
D:3:      layout_loops_ring, mainiacjoe_overflow_catwalk, grunt_decor_junction,
          serial_bayou_pond_d
D:4:      layout_loops_ring, gammafunk_temple_overflow_pools
D:5:      layout_cave_pools, minmay_temple_entry_drinking_statues,
          minmay_fractal_squares_gapless_5, uniq_menkaure
Temple:   regret_index_temple_waves

Skill      XL: |  1  2  3  4  5 |
---------------+----------------+-----
Transmutations | 1 2 |  2.1
Earth Magic    | 4 |  4.7
Dodging        | 2 |  2.2
Armour         | 1 |  1.0
Stealth        | 3 |  3.0
Spellcasting   | |  2.8

Action                   |  1- 3 |  4- 6 || total
-------------------------+-------+-------++-------
Melee: Unarmed           |     7 |       ||     7
       Short sword       |    15 |       ||    15
       Mace              |    44 |    22 ||    66
       Punch             |     1 |       ||     1
 Cast: Sandblast         |    17 |    11 ||    28
       Passwall          |       |     1 ||     1
  Use: Scroll            |     6 |       ||     6
       Potion            |     1 |       ||     1
 Stab: Sleeping          |     4 |       ||     4
Armor: Robe              |     2 |       ||     2
       Leather armour    |    21 |    30 ||    51
Dodge: Dodged            |    47 |    42 ||    89

Table legend: (Time is in decaauts)
 A = Elapsed time spent in this place.
 B = Non-inter-level travel time spent in this place.
 C = Inter-level travel time spent in this place.
 D = Time resting spent in this place.
 E = Time spent auto-exploring this place.
 F = Levels seen in this place.
 G = Mean time per level.
                   A        B        C        D        E       F      G
               +--------+--------+--------+--------+--------+-----+--------+
         Total |   3760 |   3551 |    209 |    701 |   2359 |   6 |  626.7 |
       Dungeon |   3569 |   3423 |    146 |    701 |   2243 |   5 |  713.8 |
        Temple |    191 |    129 |     62 |      0 |    116 |   1 |  191.0 |
               +--------+--------+--------+--------+--------+-----+--------+

Top non-repeatable levels by time:
     D:1: 1136 daAuts
     D:4: 933 daAuts
     D:2: 648 daAuts
     D:3: 638 daAuts
     D:5: 212 daAuts
  Temple: 191 daAuts
